 Dungeon Crawl Stone Soup version 0.27.1 (webtiles) character file.

Game seed: 2116260664464064659

26 Aphynety the Chiller (level 3, -2/19 HPs)
             Began as a Gargoyle Ice Elementalist on Sept 2, 2021.
             Slain by a kobold (4 damage)
             ... on level 2 of the Dungeon on Sept 3, 2021.
             The game lasted 00:11:27 (1360 turns).

Aphynety the Chiller (Gargoyle Ice Elementalist)    Turns: 1360, Time: 00:11:28

Health: -2/19      AC:  5    Str: 11    XL:     3   Next: 8%
Magic:  6/6        EV:  9    Int: 16    God:
Gold:   67         SH:  0    Dex: 10    Spells: 5/6 levels left

rFire    . . .     SeeInvis .   (no weapon)
rCold    . . .     Faith    .   (no shield)
rNeg     + . .     Spirit   .   a - +0 robe
rPois    ∞         Reflect  .   (no helmet)
rElec    +         Harm     .   (no cloak)
rCorr    .         Rampage  .   (no gloves)
Will     .....                  (no boots)
Stlth    ++........             (no amulet)
HPRegen  0.06/turn              (no ring)
MPRegen  0.10/turn              (no ring)

@: constricted
A: sickness immunity, AC +3, negative energy resistance 1, electricity
resistance, torment resistance 1, petrification resistance
a: no special abilities


You were on level 2 of the Dungeon.
You visited 1 branch of the dungeon, and saw 2 of its levels.

You collected 67 gold pieces.

Inventory:

Missiles
 d - 26 sling bullets
Armour
 a - a +0 robe (worn)
Scrolls
 b - a scroll of summoning {unknown}
 c - a scroll of vulnerability {unknown}
 e - a scroll of magic mapping {unknown}
 f - a scroll of amnesia
Potions
 g - a potion of curing {unknown}
 i - a potion of heal wounds {unknown}
 j - a potion of lignification {unknown}


   Skills:
 + Level 0.2 Fighting
 + Level 1.6 Dodging
 + Level 2.1 Stealth
 + Level 2.4 Spellcasting
 + Level 4.6 Ice Magic


You had 5 spell levels left.
You knew the following spells:

 Your Spells              Type           Power      Damage    Failure   Level
a - Freeze                Ice            64%        1d8       3%          1

Your spell library contained the following spells:

 Spells                   Type           Power      Damage    Failure   Level
 Frozen Ramparts          Ice            32%        1d5       9%          3
 Ozocubu's Armour         Ice            16%        N/A       9%          3
 Hailstorm                Conj/Ice       9%         3d4       58%         4


Dungeon Overview and Level Annotations

Branches:
Dungeon (2/15)

Altars:

Shops:
D:1 =


Innate Abilities, Weirdness & Mutations

You are immune to sickness and miasma.
Your stone body is resilient. (AC +3)
You are immune to poison.
You resist negative energy. (rN+)
You are resistant to electric shocks. (rElec)
You are resistant to unholy torment.
You are immune to petrification.


Message History

a giant cockroach corpse; a ball python corpse
There is a stone staircase leading down here.
You start resting.
Magic restored.
Things that are here:
a giant cockroach corpse; a ball python corpse
There is a stone staircase leading down here.
You climb downwards.
The adder hisses angrily.
The adder bites you. The quokka barely misses you.
The frilled lizard closely misses you. The kobold hits you with a +0 dagger.
The kobold hits you but does no damage. The adder closely misses you.
The quokka barely misses you.
The frilled lizard bites you but does no damage.
The kobold hits you with a +0 club. The kobold hits you but does no damage.
There is a stone staircase leading up here.
The ball python misses you. The ball python grabs you.
You stop ascending the stairs.
The ball python constricts you. The adder bites you.
The quokka barely misses you. The frilled lizard misses you.
The kobold hits you with a +0 club. The kobold barely misses you.
You escape the ball python's grasp.
The adder bites you.
The quokka bites you but does no damage.
The ball python bites you but does no damage.
The ball python grabs you.
You stop ascending the stairs.
The ball python constricts you.
The frilled lizard bites you but does no damage.
The adder bites you.
* * * LOW HITPOINT WARNING * * *
The kobold hits you but does no damage. The kobold hits you with a +0 dagger.
* * * LOW HITPOINT WARNING * * *
Unknown command.
As you read the scroll labelled TUOPLOUHUGG, it crumbles to dust.
It is a scroll of identify.
f - a scroll of amnesia The quokka bites you but does no damage.
The ball python closely misses you. The ball python constricts you.
The adder bites you but does no damage. The frilled lizard barely misses you.
The kobold hits you but does no damage. The kobold hits you with a +0 club.
You die...

.......[.
##...........
#..........
##........##
#!.........#
#..........#
#..........####
#.....r......).
#.....S@l..#
......SKK.##
##.......##
###...### ###.
##


You could see an adder, a quokka, a ball python, 2 kobolds and a frilled lizard.

Vanquished Creatures
  A dart slug (D:1)
  An endoplasm (D:1)
  2 giant cockroaches (D:1)
  2 goblins (D:1)
  3 hobgoblins (D:1)
  2 kobolds (D:1)
  A quokka (D:1)
  6 ball pythons (D:1)
  4 bats
  A frilled lizard (D:1)
23 creatures vanquished.

Notes
Turn   | Place    | Note
-------+----------+-------------------------------------------
     0 | D:1      | Aphynety the Gargoyle Ice Elementalist began the quest for
                  | the Orb.
     0 | D:1      | Reached XP level 1. HP: 10/10 MP: 3/3
   360 | D:1      | Found Lahor's Jewellery Boutique.
   395 | D:1      | Found a faded altar of an unknown god.
   536 | D:1      | Reached XP level 2. HP: 15/15 MP: 1/5
  1294 | D:1      | Reached XP level 3. HP: 19/19 MP: 1/6
  1360 | D:2      | Slain by a kobold

Illustrated notes

Levels and vault maps discovered:
D:1:      mrwooster_arrival_statue_3, layout_rooms,
          dreamdust_ecumenical_altar_sealed_demon, serial_shops,
          nicolae_shop_behind_doors, minmay_misc_feat_pillars,
          grunt_decor_junction, minmay_hexomino_f4
D:2:      layout_rooms, basic_altar, grunt_ministairs_11

Action                   || total
-------------------------++-------
Melee: Unarmed           ||    17
 Cast: Freeze            ||    32
  Use: Scroll            ||     1
Armor: Robe              ||    30
Dodge: Dodged            ||    52
